 Dungeon Crawl Stone Soup version 0.31-a0-1612-g4aaf141004 (webtiles) character file.

Game seed: 5571399751165523048

526 gruber the Cudgeller (level 7, 0/35 HPs)
             Began as a Vine Stalker Fighter on Jan 9, 2024.
             Incinerated by a bombardier beetle (5 damage)
             ... with a burning spray
             ... on level 4 of the Dungeon.
             The game lasted 00:03:45 (3206 turns).

gruber the Cudgeller (Vine Stalker Fighter)         Turns: 3206, Time: 00:03:46

Health: 0/35       AC:  8    Str: 19    XL:     7   Next: 23%
Magic:  0/8        EV:  9    Int:  8    God:
Gold:   247        SH: 10    Dex: 15    Spells: 6/6 levels left

rFire   . . .        q - +10 hammer "Usupid" {freeze, Will+}
rCold   . . .        c - +0 buckler
rNeg    . . .        b - +0 scale mail
rPois   +            (no helmet)
rElec   .            (no cloak)
rCorr   .            p - +0 pair of gloves
SInv    .            r - +0 pair of boots
Will    +....        i - amulet of reflection Stlth
                     l - ring of poison resistance
HPRegen 1.05/turn    n - ring of flight
MPRegen 0.11/turn

%: reflection, guardian spirit
@: on fire, flying, glowing
A: fangs 2, regeneration 1, magic shield, antimagic bite, no potion heal 2
a: no special abilities


You were on level 4 of the Dungeon.
You visited 1 branch of the dungeon, and saw 4 of its levels.

You collected 247 gold pieces.

Inventory:

Hand Weapons
 a - a +0 rapier
 q - the +10 hammer "Usupid" (weapon) {freeze, Will+}
   (You found it on level 2 of the Dungeon)

   Will+:     It increases your willpower.
 B - a +4 dagger
Armour
 b - a +0 scale mail (worn)
 c - a +0 buckler (worn)
 p - a +0 pair of gloves (worn)
 r - a +0 pair of boots (worn)
Jewellery
 i - an amulet of reflection (around neck)
 l - a ring of poison resistance (left hand)
 n - a ring of flight (right hand)
Wands
 u - a wand of iceblast (5)
Scrolls
 e - 5 scrolls of identify {unknown}
 g - a scroll of fear {unknown}
 k - a scroll of enchant armour {unknown}
 o - a scroll of noise {unknown}
 s - 2 scrolls of vulnerability {unknown}
 t - a scroll of brand weapon {unknown}
 y - a scroll of teleportation {unknown}
 A - a scroll of butterflies {unknown}
 C - a scroll of amnesia {unknown}
Potions
 d - a potion of might
 f - a potion of ambrosia {unknown}
 h - 3 potions of curing {unknown}
 j - a potion of degeneration {unknown}
 m - 2 potions of brilliance {unknown}
 v - 2 potions of attraction {unknown}
 w - a potion of resistance {unknown}
 x - a potion of heal wounds {unknown}
 z - a potion of magic {unknown}
 D - 2 potions of mutation {unknown}
 E - a potion of invisibility {unknown}


   Skills:
 - Level 2.6 Fighting
 * Level 4.7 Short Blades
 - Level 5.0 Maces & Flails
 - Level 2.4 Armour
 - Level 2.6 Shields


You had 6 spell levels left.
You didn't know any spells.
Your spell library contained the following spells:

 Spells                   Type           Power      Damage    Failure   Level
 Tukima's Dance           Hex            0%         N/A       99%         3
 Passage of Golubria      Tloc           0%         N/A       100%        4
 Yara's Violent Unravell  Hex/Alch       0%         3d3       100%        5


Dungeon Overview and Level Annotations

Branches:
Dungeon (4/15)
 Temple: D:4-7

Altars:

Shops:
D:2 *

Annotations:
D:2 1 runed translucent door, Crazy Yiuf


Innate Abilities, Weirdness & Mutations

You have extremely sharp teeth.
Your natural rate of healing is unusually fast.
When hurt, damage is shared between your health and your magic reserves.
Your bite disrupts and absorbs the magic of your enemies.
Potions cannot restore your health.


Message History

Items here: ( ) [ ÷.
You see here a +0 hand axe.
A bombardier beetle comes into view.
A bombardier beetle is nearby!
A bombardier beetle is nearby!
The bombardier beetle sprays incendiary fluid at you.
The burning spray hits you.
You are covered in liquid fire!
Items here: )))) [[.
You shake off some of the fire as you move.
The liquid fire burns you!
You shake off some of the fire as you move.
The liquid fire burns you!
The bombardier beetle sprays incendiary fluid at you.
The burning spray hits you.
You are even more covered in liquid fire!
You hit the bombardier beetle. You freeze the bombardier beetle.
The bombardier beetle is heavily wounded.
The liquid fire burns you!
You sock the bombardier beetle! You freeze the bombardier beetle.
You kill the bombardier beetle!
The liquid fire burns you!
No target in view!
No target in view!
You are on fire!
You are on fire!
You are on fire!
You are on fire!
The liquid fire burns you! The liquid fire burns you!
The liquid fire burns you! The liquid fire burns you!
The liquid fire burns you! The liquid fire burns you!
The liquid fire burns you!
* * * LOW HITPOINT WARNING * * *
The liquid fire burns you!
* * * LOW HITPOINT WARNING * * *
The liquid fire burns you!
You die...

#.#.#..............#
#.....##
#.#.##.....#####...#
#####..#
#.#..+.............## ##.#
#.####..............# #.#
#...........##..###.### #..
######..#.............# ###
.#####..#..).#))......###
####
....##..#..).#.....)....#
#...
....##.......#..@....##.#
#...
........).#<.#...†...##.#
#...
.....###)###.#..........#
#...
.............#.##....######
####
......###.####.............
# #.....# #.#
#.##...>#####. #
#.....###.# #.##....'..# #
#.........# #.##...)#.## #
<....###### #.....#<#.# #


There were no monsters in sight!

Vanquished Creatures
  A howler monkey (D:4)
  2 bombardier beetles
  A jelly (D:4)
  5 orc priests
  A sleepcap (D:4)
  An orc wizard (D:4)
  Robin (D:2)
  3 adders
  3 dart slugs
  A ribbon worm (D:2)
  15 orcs
  10 endoplasms
  5 giant cockroaches
  8 hobgoblins
  10 jackals
  9 kobolds
  6 quokkas
  17 ball pythons
  5 bats (D:1)
  5 frilled lizards
  17 goblins
  4 rats
130 creatures vanquished.

Notes
Turn   | Place    | Note
-------+----------+-------------------------------------------
     0 | D:1      | gruber the Vine Stalker Fighter began the quest for the
                  | Orb.
     0 | D:1      | Reached XP level 1. HP: 11/11 MP: 2/2
   134 | D:1      | Reached XP level 2. HP: 16/16 MP: 3/3
   449 | D:1      | Reached XP level 3. HP: 18/19 MP: 4/4
   955 | D:2      | Noticed Robin
   993 | D:2      | Killed Robin
   994 | D:2      | Reached XP level 4. HP: 12/23 MP: 5/5
  1357 | D:2      | Found Sudi Yho's Assorted Antiques.
  1469 | D:2      | Found a runed translucent door.
  1472 | D:2      | Identified the +5 hammer "Ciecreaf" {freeze, rC++ Will+}
  1478 | D:2      | Noticed Crazy Yiuf
  1498 | D:2      | Identified the +10 hammer "Usupid" {freeze, Will+}
  2067 | D:3      | Reached skill level 1 in Maces & Flails
  2067 | D:3      | Reached XP level 5. HP: 16/27 MP: 2/6
  2074 | D:3      | Reached skill level 2 in Maces & Flails
  2419 | D:3      | Reached skill level 3 in Maces & Flails
  2452 | D:3      | Reached XP level 6. HP: 32/32 MP: 7/7
  2739 | D:4      | Reached skill level 4 in Maces & Flails
  2773 | D:4      | Reached XP level 7. HP: 32/35 MP: 5/8
  3054 | D:4      | Reached skill level 5 in Maces & Flails
  3206 | D:4      | Incinerated by a bombardier beetle

Illustrated notes

Levels and vault maps discovered:
D:1:      dpeg_arrival_rooms_a, layout_loops_corners, st_stairs_2
D:2:      cheibrodos_old_hovel, layout_basic, serial_shops, shop, minivault_19,
          corner_web_ring, uniq_crazy_yiuf_cottage, uniq_robin
D:3:      minmay_door_path, layout_loops_corners, dk_vineyard_2
D:4:      layout_basic, minmay_distorted

Skill      XL: |  1  2  3  4  5  6  7 |
---------------+----------------------+-----
Short Blades   | 2 3 4 |  4.7
Maces & Flails | 1 3 4 5 |  5.0
Fighting       | |  2.6
Armour         | |  2.4
Shields        | |  2.6

Action                     |  1- 3 |  4- 6 |  7- 9 || total
---------------------------+-------+-------+-------++-------
  Melee: Rapier            |   103 |    59 |       ||   162
         Bite              |    15 |    25 |     4 ||    44
         Mace              |       |    74 |    27 ||   101
 Armour: Scale mail        |    73 |    56 |    11 ||   140
  Dodge: Dodged            |    43 |    51 |     7 ||   101
  Block: Buckler           |    41 |    87 |     9 ||   137
         Reflection        |     1 |     3 |       ||     4

Table legend: (Time is in decaauts)
 A = Elapsed time spent in this place.
 B = Non-inter-level travel time spent in this place.
 C = Inter-level travel time spent in this place.
 D = Time resting spent in this place.
 E = Time spent auto-exploring this place.
 F = Levels seen in this place.
 G = Mean time per level.
                   A        B        C        D        E       F      G
               +--------+--------+--------+--------+--------+-----+--------+
         Total |   3244 |   3111 |    133 |     10 |   2458 |   4 |  811.0 |
       Dungeon |   3244 |   3111 |    133 |     10 |   2458 |   4 |  811.0 |
               +--------+--------+--------+--------+--------+-----+--------+

Top non-repeatable levels by time:
     D:3: 1051 daAuts
     D:1: 988 daAuts
     D:2: 661 daAuts
     D:4: 543 daAuts
